 Dungeon Crawl Stone Soup version 0.27.1-33-g824d729ab1 (webtiles) character file.

Game seed: 15726076962284137705

86 CapHo the Skirmisher (level 4, 0/44 HPs)
             Began as a Hill Orc Fighter on Dec 29, 2021.
             Slain by an orc priest (5 damage)
             ... on level 2 of the Dungeon.
             The game lasted 00:03:24 (2039 turns).

CapHo the Skirmisher (Hill Orc Fighter)             Turns: 2039, Time: 00:03:25

Health: 0/44       AC:  6    Str: 19    XL:     4   Next: 50%
Magic:  4/4        EV:  7    Int:  8    God:
Gold:   42         SH:  9    Dex: 10    Spells: 3/3 levels left

rFire    . . .     SeeInvis .   a - +0 flail
rCold    . . .     Faith    .   c - +0 kite shield
rNeg     . . .     Spirit   .   b - +0 scale mail
rPois    .         Reflect  .   (no helmet)
rElec    .         Harm     .   (no cloak)
rCorr    .         Rampage  .   (no gloves)
Will     .....                  (no boots)
Stlth    ..........             (no amulet)
HPRegen  0.14/turn              (no ring)
MPRegen  0.09/turn              (no ring)

@: no status effects
A: no striking features
a: Convert to Beogh


You were on level 2 of the Dungeon.
You visited 1 branch of the dungeon, and saw 3 of its levels.

You collected 42 gold pieces.

Inventory:

Hand Weapons
 a - a +0 flail (weapon)
Armour
 b - a +0 scale mail (worn)
 c - a +0 kite shield (worn)
Scrolls
 e - a scroll of blinking {unknown}
 i - a scroll of summoning {unknown}
 j - a scroll of enchant weapon {unknown}
 k - a scroll of immolation {unknown}
Potions
 d - a potion of might
 f - 2 potions of curing {unknown}
 g - a potion of heal wounds {unknown}
 h - a potion of invisibility {unknown}
 l - a potion of magic {unknown}


   Skills:
 * Level 6.2 Fighting
 - Level 2.1 Maces & Flails
 - Level 3.2 Armour
 - Level 3.2 Shields


You had 3 spell levels left.
You didn't know any spells.
Your spell library contained the following spells:

 Spells                   Type           Power      Damage    Failure   Level
 Animate Skeleton         Necr           0%         N/A       99%         1
 Frozen Ramparts          Ice            0%         1d2       100%        3
 Excruciating Wounds      Necr           0%         N/A       100%        5
 Simulacrum               Ice/Necr       0%         N/A       100%        6


Dungeon Overview and Level Annotations

Branches:
Dungeon (3/15)

Altars:


Message History

The orc wizard casts a spell at you.
You are confused.
Found a ring mail and 16 gold pieces.
There is a stone staircase leading up here.
You can't go down here!
In your confused state, you trip and fall back down the stairs.
You can't go down here!
The orc hits you with a +0 dagger.
In your confused state, you trip and fall back down the stairs.
The orc priest completely misses you. The orc priest completely misses you.
The orc priest hits you with a +0 hand axe.
The orc barely misses you.
In your confused state, you trip and fall back down the stairs.
You feel less confused. You block the orc priest's attack.
The orc priest hits you with a +0 hand axe.
The orc hits you with a +0 dagger.
(D) Dungeon
Where to? (Enter - D:3, ? - help)
There are monsters nearby!
The orc priest mumbles some strange prayers to Beogh against you.
Beogh smites you!
The orc wizard hits you but does no damage.
The orc priest hits you but does no damage.
The orc hits you but does no damage.
The orc priest shouts, "Beogh is our master!
Accept the truth or die!"
You climb upwards.
There is a stone staircase leading down here.
You closely miss the orc priest. You block the orc priest's attack.
The orc wizard hits you but does no damage.
The orc priest calls down the wrath of Beogh upon you.
Pain shoots through your body!
* * * LOW HITPOINT WARNING * * *
The orc barely misses you. The orc priest hits you with a +0 mace!
* * * LOW HITPOINT WARNING * * *
The orc wizard barely misses you.
The orc priest threatens, "By the altar or by the axe, you will meet Beogh!"
The orc priest hits you with a +0 hand axe.
You die...

### ######## ##### ..#
#......####...# ..#
#.............# ..#
#.............####
..####..........o.....#
...............o@#....#
............#.#o.o....#
....####..............#
#...#........#........###
....#........#...#......########
..<##........#.................#
....######'###...........#####.#
....# #..#........###.# #.#
....# ####'#............# #.#


You could see 2 orc priests, an orc wizard and an orc.

Vanquished Creatures
  Crazy Yiuf (D:2)
  2 adders (D:2)
  A worm (D:2)
  2 dart slugs (D:1)
  3 endoplasms (D:2)
  A giant cockroach (D:2)
  2 goblins (D:1)
  A hobgoblin (D:2)
  2 quokkas
  7 ball pythons
  3 bats
  A frilled lizard (D:2)
  6 kobolds
  6 rats
38 creatures vanquished.

Notes
Turn   | Place    | Note
-------+----------+-------------------------------------------
     0 | D:1      | CapHo the Hill Orc Fighter began the quest for the Orb.
     0 | D:1      | Reached XP level 1. HP: 19/19 MP: 1/1
   135 | D:1      | Reached skill level 4 in Fighting
   244 | D:1      | Reached XP level 2. HP: 21/28 MP: 2/2
   720 | D:2      | Got Sif Muna's Collected Works on Snow and Dark Rituals
   736 | D:2      | Reached skill level 5 in Fighting
   736 | D:2      | Reached XP level 3. HP: 22/36 MP: 3/3
  1481 | D:2      | Found a runed translucent door.
  1482 | D:2      | Noticed Crazy Yiuf
  1489 | D:2      | Killed Crazy Yiuf
  1490 | D:2      | Reached skill level 6 in Fighting
  1490 | D:2      | Reached XP level 4. HP: 6/44 MP: 4/4
  1894 | D:2      | Found a faded altar of an unknown god.
  2039 | D:2      | Slain by an orc priest

Illustrated notes

Levels and vault maps discovered:
D:1:      saegor_arrival_simple_d, layout_basic
D:2:      layout_basic, hellmonk_ecumenical_altar_heavens_door,
          uniq_crazy_yiuf_cottage
D:3:      layout_basic, serial_shops, nicolae_shop_crystal,
          nicolae_shop_behind_doors, wad_floor_pattern_1, uniq_terence

Skill      XL: |  1  2  3 |
---------------+----------+-----
Fighting       | 4 5 6 |  6.2
Maces & Flails | |  2.1
Armour         | |  3.2
Shields        | |  3.2

Action                   |  1- 3 |  4- 6 || total
-------------------------+-------+-------++-------
Melee: Flail             |   120 |    15 ||   135
Armor: Scale mail        |    65 |    10 ||    75
Dodge: Dodged            |    44 |     8 ||    52
Block: Kite shield       |    80 |    10 ||    90
